AoeStats
← lethe711

African Clearing

505811561Analyzed
4v4 RM · 21d ago on Sep 11, 2026· 45m 4s· 8 players
Game mode
Random Map
Map size
Large (8 player)
Population
200
Speed
Normal
Resources
Standard
Victory
Conquest
Starting age
Dark Age
Ending age
Imperial Age
RankedLock teamsTeams togetherTeam positionsShared explorationLock speedFull tech treeHidden civsTurbo modeCheats
Victory
Defeat
🇻🇳 Spanish · Vietnam
1459
+12
🇩🇰 Maya · Denmark
1437
+13
🇦🇺 Khitans · Australia
1292
+18
🇦🇺 Mongols · Australia
1269
+18
🇺🇸 Mongols · United States
1389
-17
🇺🇸 Jurchens · United States
1376
-16
🇵🇹 Hindustanis · Portugal
1326
-14
🇺🇸 Bulgarians · United States
1323
-14
Chris Bosh the Dinosaurman
4:55 Loom
14:40 Feudal Age
15:19 Double-Bit Axe
15:17 Horse Collar
16:05 Gold Mining
18:18 Scale Barding Armor
20:06 Bloodlines
22:59 Wheelbarrow
23:17 Forging
29:59 Castle Age
31:11 Chain Barding Armor
30:53 Husbandry
30:14 Light Cavalry
31:07 Bow Saw
30:58 Heavy Plow
31:34 Gold Shaft Mining
31:47 Iron Casting
31:58 Hand Cart
40:58 Imperial Age
39:21 Stone Mining
41:42 Scale Mail Armor
42:20 Plate Barding Armor
42:55 Blast Furnace
42:16 Conscription
41:48 Elite Steppe Lancer
44:59 Crop Rotation
Speed_of_Anarchy
6:48 Loom
14:08 Feudal Age
18:51 Fletching
28:40 Wheelbarrow
29:38 Horse Collar
29:48 Double-Bit Axe
33:40 Castle Age
33:25 Scale Barding Armor
33:30 Forging
33:31 Bloodlines
34:24 Husbandry
35:22 Chain Barding Armor
35:59 Bow Saw
36:15 Heavy Plow
37:12 Iron Casting
38:07 Light Cavalry
Returned_Legend
3:54 Loom
12:07 Feudal Age
14:41 Double-Bit Axe
16:57 Castle Age
15:02 Gold Mining
15:46 Stone Mining
17:28 Wheelbarrow
18:26 Bow Saw
25:29 Town Watch
29:26 Padded Archer Armor
35:36 Ballistics
35:41 Leather Archer Armor
37:58 Fletching
39:58 Hand Cart
40:22 Bodkin Arrow
43:17 Bloodlines
43:08 Husbandry
45:05 Gold Shaft Mining
1of4kind
6:21 Loom
12:24 Feudal Age
12:58 Double-Bit Axe
14:36 Scale Barding Armor
15:23 Forging
22:24 Castle Age
21:39 Fletching
21:49 Padded Archer Armor
23:09 Bodkin Arrow
26:11 Wheelbarrow
26:47 Leather Archer Armor
28:43 Elite Skirmisher
42:20 Bow Saw
41:50 Horse Collar
Dongart
10:21 Loom
12:34 Feudal Age
16:26 Castle Age
15:13 Double-Bit Axe
20:05 Fletching
23:29 Bodkin Arrow
24:37 Padded Archer Armor
26:12 Leather Archer Armor
27:45 Scale Mail Armor
27:55 Forging
27:38 Horse Collar
28:09 Bow Saw
28:09 Eagle Warrior
28:50 Squires
28:48 Gold Mining
29:32 Chain Mail Armor
29:58 Arson
31:56 Iron Casting
35:09 Wheelbarrow
34:36 Heavy Plow
39:11 Imperial Age
37:17 Stone Mining
40:18 Hand Cart
40:41 Stone Shaft Mining
39:31 Elite Eagle Warrior
41:02 Plate Mail Armor
41:21 Holcans
40:28 Capped Ram
42:52 Two-Man Saw
42:51 Siege Ram
45:03 Crop Rotation
45:38 Blast Furnace
44:38 Bracer
45:16 Coinage
44:37 Pikeman
lethe711
5:19 Loom
13:52 Feudal Age
15:38 Double-Bit Axe
18:03 Castle Age
23:13 Fletching
23:32 Padded Archer Armor
24:58 Bodkin Arrow
29:52 Ballistics
32:12 Bow Saw
31:43 Horse Collar
35:14 Bloodlines
35:05 Husbandry
41:56 Thumb Ring
44:24 Stone Mining
44:24 Gold Mining
dustbin
10:22 Loom
13:30 Feudal Age
18:30 Castle Age
16:56 Double-Bit Axe
19:43 Bow Saw
24:55 Padded Archer Armor
27:06 Bloodlines
26:56 Husbandry
29:07 Leather Archer Armor
30:25 Wheelbarrow
30:50 Husbandry
38:11 Imperial Age
35:48 Gold Mining
36:15 Stone Mining
38:01 Hand Cart
38:45 Elite Conquistador
40:03 Ring Archer Armor
39:24 Fletching
41:43 Stone Shaft Mining
42:37 Horse Collar
43:58 Two-Man Saw
44:38 Heavy Plow
45:41 Conscription
Damir
13:15 Feudal Age
13:55 Double-Bit Axe
16:44 Fletching
18:31 Loom
24:28 Domestication
31:07 Castle Age
32:18 Bodkin Arrow
32:26 Padded Archer Armor
33:27 Bow Saw
34:26 Thumb Ring
36:34 Husbandry
37:51 Gold Mining
40:56 Ballistics
41:03 Heavy Cavalry Archer
42:29 Wheelbarrow
42:22 Leather Archer Armor
42:20 Town Watch
44:22 Forging
44:17 Scale Barding Armor
Connection lost

Rejoining the realm…

Still unreachable

The connection could not be restored.

Session expired

The server has moved on; the page needs a fresh start.